 Dungeon Crawl Stone Soup version 0.31.0-9-g3a7656b989 (webtiles) character file.

Game seed: 11297781002120693640

104 qw the Shooter (level 4, 0/25 HPs)
             Began as a Deep Elf Hunter on Feb 2, 2024.
             Succumbed to their own poison gas
             ... on level 3 of the Dungeon.
             The game lasted 00:00:08 (2089 turns).

qw the Shooter (Deep Elf Hunter)                    Turns: 2089, Time: 00:00:08

Health: 0/25       AC: 11    Str: 10    XL:     4   Next: 52%
Magic:  6/6        EV: 11    Int: 14    God:
Gold:   206        SH:  0    Dex: 18    Spells: 3/3 levels left

rFire   . . .        k - +0 triple crossbow
rCold   . . .        (shield currently unavailable)
rNeg    . . .        d - +0 ring mail
rPois   .            f - +1 helmet
rElec   .            (no cloak)
rCorr   .            (no gloves)
SInv    .            (no boots)
Will    .....        (no amulet)
Stlth   +            a - +4 ring of protection
HPRegen 0.24/turn    (no ring)
MPRegen 0.10/turn

%: no passive effects
@: lethally poisoned (0 -> -6)
A: no striking features
a: no special abilities


You were on level 3 of the Dungeon.
You visited 1 branch of the dungeon, and saw 3 of its levels.

You collected 206 gold pieces.


   Skills:
 - Level 1.5 Fighting
 + Level 7.9 Ranged Weapons
 - Level 2.4 Dodging
 - Level 1.2 Stealth


You had 3 spell levels left.
You didn't know any spells.
Your spell library was empty.

Inventory:

Hand Weapons
 k - a +0 triple crossbow (weapon)
Armour
 d - a +0 ring mail (worn)
 f - a +1 helmet (worn)
Jewellery
 a - a +4 ring of protection (left hand)
Potions
 b - a potion of might {unknown}
 c - a potion of mutation {unknown}
 e - a potion of curing {unknown}
 j - a potion of cancellation {unknown}

Dungeon Overview and Level Annotations

Branches:
Dungeon (3/15)

Altars:
Dithmenos

Annotations:
D:3 2 transporters, qw's ghost, amateur DjHu


Message History

Partly explored, unvisited transporter.
2081 ||| READING scroll labelled YGYFIMP REVOOMN.
As you read the scroll labelled YGYFIMP REVOOMN, it crumbles to dust.
It is a scroll of enchant armour.
2081 ||| ENCHANTING +0 helmet.
Your +0 helmet glows green for a moment.
Partly explored, unvisited transporter.
2082 ||| READING scroll labelled JIASTR XUULAAG.
As you read the scroll labelled JIASTR XUULAAG, it crumbles to dust.
You assume a fearsome visage.
Nothing appears to happen.
It was a scroll of fear.
Partly explored, unvisited transporter.
2083 ||| READING scroll labelled UNEURI ACSYWEO.
Blink to where?
Press: ? - help, Dir - move target, f - you
As you read the scroll labelled UNEURI ACSYWEO, it crumbles to dust.
It was a scroll of blinking.
Partly explored, unvisited transporter.
What level of the Dungeon? (default 3, ? - help) Sorry, I don't know how to get there.
Enter note:
Enter note:
Enter note:
Enter note:
Enter note:
Enter note:
Enter note:
Enter note:
Enter note: You are engulfed in poison gas.
You are poisoned.
You feel very sick.
2085 ||| Stepping ~*~*~tactically~*~*~ (cloud).
You feel very sick.
There is a lethal amount of poison in your body!
You feel very sick.
There is a lethal amount of poison in your body!
You feel sick.
There is a lethal amount of poison in your body!
You feel sick.
There is a lethal amount of poison in your body!
You die...

#8.....8##..###........#
........^#..##¤¤0¤..[###
.........#..##.¤00.>.#
.........#..##.0¤0...#
....^....#.....00#####
.........#..#.##0#
.........#....##0#
.....W...#...###¤#
#8.oFKJ8##...##0@#
#########....##0##
....^.......##¤¤#
...........###0##
........#####00#
.#.....######0##
............¤¤#
..........%.###
...........##


There were no monsters in sight!

Vanquished Creatures
  Terence (D:2)
  Robin (D:3)
  2 adders (D:2)
  2 dart slugs
  An orc (D:3)
  3 ball pythons
  5 bats
  2 endoplasms
  12 goblins
  4 hobgoblins (D:3)
  2 jackals (D:3)
  4 kobolds
  A quokka (D:2)
  4 rats
44 creatures vanquished.

Notes
Turn   | Place    | Note
-------+----------+-------------------------------------------
     0 | D:1      | qw the Deep Elf Hunter began the quest for the Orb.
     0 | D:1      | Reached XP level 1. HP: 12/12 MP: 3/3
     0 | D:1      | 0 ||| qw: Version: 0.3-a-155-g5e7d8dd
     0 | D:1      | 0 ||| qw: Game counter: 4
     0 | D:1      | 0 ||| qw: Melee chars always use a shield: true
     0 | D:1      | 0 ||| qw: God list: Okawaru
     0 | D:1      | 0 ||| qw: Allow faded altars: false
     0 | D:1      | 0 ||| qw: Do Orc after clearing Dungeon:15 true
     0 | D:1      | 0 ||| qw: Do second Lair branch before Depths: true
     0 | D:1      | 0 ||| qw: Lair rune preference: random
     0 | D:1      | 0 ||| qw: Goals: Normal
     0 | D:1      | 0 ||| PLANNING D:1-11
   735 | D:1      | 735 ||| UPGRADING to +0 ring mail.
   745 | D:1      | 745 ||| DROPPING +0 leather armour.
   746 | D:1      | 746 ||| READING scroll labelled KUTOMO WIOC.
   746 | D:1      | 746 ||| ENCHANTING +0 shortbow.
   747 | D:1      | 747 ||| READING scroll labelled OTITAM EGRISOM.
   747 | D:1      | 747 ||| IDENTIFYING scroll labelled MUUQ WUKARAMAY
   748 | D:1      | 748 ||| DROPPING scroll of butterflies.
   749 | D:1      | 749 ||| DROPPING scroll of amnesia.
   767 | D:2      | Reached XP level 2. HP: 16/16 MP: 4/4
   775 | D:2      | Reached skill level 6 in Ranged Weapons
  1345 | D:2      | Reached XP level 3. HP: 20/20 MP: 5/5
  1400 | D:2      | 1400 ||| UPGRADING to +0 helmet.
  1405 | D:2      | 1405 ||| READING scroll labelled ZUPADD BAISK.
  1406 | D:2      | 1406 ||| READING scroll labelled VEKIYS WEWNU.
  1460 | D:3      | Noticed Terence
  1465 | D:3      | 1465 ||| STAIRDANCE
  1542 | D:3      | 1542 ||| STAIRDANCE
  1549 | D:2      | HP: 5/20 [Terence/+0 flail (2)]
  1551 | D:2      | HP: 1/20 [Terence/+0 flail (4)]
  1553 | D:2      | Killed Terence
  1554 | D:2      | Reached skill level 7 in Ranged Weapons
  1667 | D:3      | Reached XP level 4. HP: 25/25 MP: 6/6
  1678 | D:3      | Noticed qw's ghost (amateur DjHu)
  1678 | D:3      | Noticed a bullfrog
  1680 | D:3      | Found a transporter.
  1702 | D:3      | Found a transporter.
  1770 | D:3      | Noticed Robin
  1781 | D:3      | HP: 6/25 [goblin/+0 dagger[Robin] (5)]
  1782 | D:3      | Killed Robin
  1787 | D:3      | HP: 5/25 [goblin/+0 dagger[Robin] (2)]
  1790 | D:3      | HP: 2/25 [goblin/+0 dagger[Robin] (2)]
  1988 | D:3      | 1988 ||| SWAPPING to +0 triple crossbow.
  1989 | D:3      | 1989 ||| DROPPING +1 shortbow.
  2014 | D:3      | Found a shadowy altar of Dithmenos.
  2079 | D:3      | 2079 ||| UPGRADING to +4 ring of protection.
  2080 | D:3      | 2080 ||| READING scroll labelled PEUNIM VASOBBA.
  2081 | D:3      | 2081 ||| READING scroll labelled YGYFIMP REVOOMN.
  2081 | D:3      | 2081 ||| ENCHANTING +0 helmet.
  2082 | D:3      | 2082 ||| READING scroll labelled JIASTR XUULAAG.
  2083 | D:3      | 2083 ||| READING scroll labelled UNEURI ACSYWEO.
  2085 | D:3      | 2085 ||| Stepping ~*~*~tactically~*~*~ (cloud).
  2086 | D:3      | HP: 5/25 [poisoned by you (poison gas)]
  2088 | D:3      | HP: 2/25 [poisoned by you (poison gas)]
  2089 | D:3      | Succumbed to their own poison gas

Levels and vault maps discovered:
D:1:      dpeg_arrival_more_subterranean_lakeside_camping, layout_basic
D:2:      layout_basic, chequers_serial_rivers_micro_e
D:3:      layout_rooms, grunt_dithmenos_smoke_and_mirrors,
          gammafunk_ghost_arena, minmay_misc_feat_tower, uniq_terence,
          uniq_robin

Skill      XL: |  1  2  3 |
---------------+----------+-----
Ranged Weapons | 6 7 |  7.9
Fighting       | |  1.5
Dodging        | |  2.4
Stealth        | |  1.2

Action                     |  1- 3 |  4- 6 || total
---------------------------+-------+-------++-------
   Fire: Shortbow          |    77 |    41 ||   118
         Triple crossbow   |       |     1 ||     1
    Use: Scroll            |     4 |     4 ||     8
 Armour: Ring mail         |    27 |    34 ||    61
  Dodge: Dodged            |    23 |    25 ||    48

Table legend:
 A = Non-vault XP
 B = Vault XP
 C = Vault XP percentage of total XP
 D = Non-vault monster count
 E = Vault monster count
 F = Vault count percentage of total count
                 A         B        C        D         E       F
            +---------+---------+-------+---------+---------+-------
      Total |      77 |      72 |  48.3 |      31 |      13 |  29.5
            +---------+---------+-------+---------+---------+-------
        D:1 |      10 |       0 |   0.0 |       5 |       0 |   0.0
        D:2 |      43 |      36 |  45.6 |      12 |       1 |   7.7
        D:3 |      24 |      36 |  60.0 |      14 |      12 |  46.2
            +---------+---------+-------+---------+---------+-------
